Unix NetHack Version 5.0.0-0 post-release - last build May 10 2026 23:12:36 (d1fa5d53e341ca933230fdaa984d921c805b60aa,branch:main).

Game began 2026-05-11 16:57:44, ended 2026-05-11 19:49:04.

BaeHund, chaotic male orcish Ranger

                   -----
                   -....--
                   .......-----
                    ..........---
                    -...........
                     -.........
                      -........
             --    ----..>....
              ................----   -----
                       -.........-- --[..|
                      |.......--..--|.*..--
                      --.....----..|-...[<#-
                       |....-   --.|....[*.#
                       -....     #...).....|
                       ....      --.&....*.|
                     ......       |..@d....|
                    ......        --.)....--
                   ---.--.         --.|..--
                     -- --          ------
BaeHund the Trailblazer      St:16 Dx:11 Co:17 In:13 Wi:14 Ch:8  Chaotic
Dlvl:8  $:67 HP:0(47) Pw:35(35) AC:-5 Xp:7 T:4656 

Latest messages:
 The sleep ray bounces!
 You hear a distant zap.
 The sleep ray hits Sirius.
 The sleep ray hits you!
 The snake misses!
 The snake bites!
 The snake bites!
 The snake misses!
 The snake bites!
 The snake bites!
 The snake misses!
 The snake misses!
 The snake misses!
 The snake bites!
 The snake bites!
 The snake bites!
 The snake bites!
 The snake bites!
 The snake bites!
 The snake bites!
 The snake bites!
 The snake misses!
 Sirius misses the snake.
 The snake bites!
 Sirius bites the snake.
 The balrog picks up a crossbow.
 The snake bites!
 Sirius bites the snake.
 The snake bites!
 The snake's bite was poisoned!
 The poison doesn't seem to affect you.
 Sirius bites the snake.
 The snake misses Sirius.
 The snake bites!
 Sirius misses the snake.
 The snake bites!
 Sirius bites the snake.
 The snake is killed!
 Sirius picks up a crossbow bolt.
 The balrog picks up 7 crossbow bolts.
 The balrog hits!
 The balrog hits again!
 Sirius drops a crossbow bolt.
 The balrog hits!
 You die...
 Do you want your possessions identified? [ynq] (y) y
 Do you want to see your attributes? [ynq] (y) y
 Do you want an account of creatures vanquished? [ynaq] (y) y
 Do you want to see your conduct and achievements? [ynq] (y) y
 Do you want to see the dungeon overview? [ynq] (y) y

Inventory:
 Coins    ('$')
  $ - 67 gold pieces
 Weapons  (')')
  D - a blessed +2 arrow
  E - 9 rustproof +0 arrows
  y - 9 +0 arrows
  c - 55 +2 orcish arrows (in quiver)
  d - 40 +0 orcish arrows
  b - a +1 orcish bow (alternate weapon; not wielded)
  N - 11 +0 shuriken
  i - a +6 elven spear (weapon in left hand)
  a - a +2 orcish dagger
 Armor    ('[')
  u - an uncursed +0 dwarvish iron helm (being worn)
  t - an uncursed +0 pair of iron shoes (being worn)
  v - an uncursed +0 dwarvish roundshield (being worn)
  M - an uncursed +2 cloak of displacement (being worn)
  w - an uncursed +0 T-shirt with text "FREE PUG AND NEWT!" (being worn)
  z - an uncursed +0 dwarvish mithril-coat (being worn)
 Comestibles  ('%')
  W - an uncursed slime mold
  m - 2 uncursed food rations
  f - 4 uncursed tripe rations
 Scrolls  ('?')
  B - a cursed scroll of enchant weapon
  h - an uncursed scroll of genocide
  X - an uncursed scroll of light
  s - 2 uncursed scrolls of magic mapping
  q - an uncursed scroll of teleportation
 Potions  ('!')
  g - an uncursed potion of blindness
  I - a blessed potion of extra healing
  C - an uncursed potion of full healing
  l - an uncursed potion of healing
  O - a cursed potion of healing
  P - an uncursed potion of paralysis
 Wands    ('/')
  J - a wand of create monster (0:13)
 Tools    ('(')
  e - an uncursed lock pick
  R - a magic marker (0:36)
  Q - an uncursed tin whistle

BaeHund the Ranger's attributes:

Background:
 You were a Trailblazer, a level 7 male orcish Ranger.
 You were chaotic, on a mission for Mars
 who was opposed by Mercury (lawful) and Venus (neutral).
 You were left-handed.
 You were in the Gnomish Mines, on level 8.
 You entered the dungeon 4656 turns ago.
 You had 648 experience points, 632 more were needed to attain level 8.

Basics:
 You had 0 out of 47 hit points.
 You had all 35 energy points (spell power).
 Your armor class was -5.
 Your wallet contained 67 zorkmids.
 Autopickup was off.

Final Characteristics:
 Your strength was 16 (limit:18/50).
 Your dexterity was 11 (limit:18).
 Your constitution was 17 (limit:18).
 Your intelligence was 13 (limit:16).
 Your wisdom was 14 (limit:16).
 Your charisma was 8 (limit:16).

Final Status:
 You weren't hungry.
 You were unencumbered.
 You were wielding a spear.
 You were skilled in spear.

Final Attributes:
 You were piously aligned.
 You were poison resistant.
 You had automatic searching.
 You had infravision.
 You were displaced.
 You were stealthy.
 You were guarded.
 You are dead.

Miscellaneous:
 You didn't encounter any bones levels.
 Total elapsed playing time was 2 hours, 51 minutes and 17 seconds.

Major events:
 Turn
    1: BaeHund the chaotic male orcish Ranger entered the dungeon
 1022: entered the Gnomish Mines
 1170: attained the rank of Lookout (level 3)
 2465: reached Mine Town
 3307: attained the rank of Trailblazer (level 6)
 4656: killed by a balrog, while sleeping

You didn't know any spells.

Skills:
 Fighting Skills
   bare handed combat [Unskilled]
   riding             [Unskilled]
 Weapon Skills
   dagger             [Basic]
   knife              [Unskilled]
   axe                [Unskilled]
   pick-axe           [Unskilled]
   short sword        [Unskilled]
   morning star       [Unskilled]
   flail              [Unskilled]
   hammer             [Unskilled]
   quarterstaff       [Unskilled]
   polearms           [Unskilled]
   spear              [Skilled]
   trident            [Unskilled]
   bow                [Basic]
   sling              [Unskilled]
   crossbow           [Unskilled]
   dart               [Unskilled]
   shuriken           [Unskilled]
   boomerang          [Unskilled]
   whip               [Unskilled]
 Spellcasting Skills
   healing spells     [Unskilled]
   divination spells  [Unskilled]
   escape spells      [Unskilled]

Voluntary challenges:
 Character rerolling was not enabled.
 You never genocided any monsters.
 You never polymorphed an object.
 You never changed form.
 You used no wishes.
Achievements:
 You entered a shop.
 You entered the Gnomish Mines.
 You attained the rank of Lookout.
 You entered Minetown.
 You entered a temple.
 You attained the rank of Trailblazer.

 The Dungeons of Doom: levels 1 to 3
    Level 1:
    Level 2:
       A general store, a sink.
       Stairs down to The Gnomish Mines.
    Level 3:
       A general store, some fountains.
 The Gnomish Mines: levels 3 to 8
    Level 3: "pickax"
    Level 4:
    Level 5:
       Many shops, a temple and an altar to Mars, some fountains, some trees.
    Level 6:
    Level 7:
    Level 8: <- You were here.
       Final resting place for
          you, killed by a balrog, while sleeping.


Vanquished creatures:
  a small mimic
  a watchman
  a gnome ruler
  a lizard
  a dwarf leader
  a plains centaur
  a snake
  a Mordor orc
  a rock piercer
  2 rock moles
  a pony
 11 gnome leaders
  a gray ooze
  a paper golem
  a kitten
 16 dwarves
  a homunculus
  3 rothes
  a rabid rat
  a giant bat
  a wererat
 an iguana
  2 hobbits
  3 giant rats
  2 cave spiders
  2 yellow molds
  2 green molds
  a red mold
 45 gnomes
  2 geckos
 17 jackals
  a fox
  a kobold
  2 goblins
  6 grid bugs
  a bat
  8 lichens
  5 kobold zombies
  6 newts
156 creatures vanquished.

No species were genocided or became extinct.

Game over:
                       ----------
                      /          \
                     /    REST    \
                    /      IN      \
                   /     PEACE      \
                  /                  \
                  |     BaeHund      |
                  |      67 Au       |
                  |   killed by a    |
                  |      balrog      |
                  |                  |
                  |                  |
                  |       2026       |
                 *|     *  *  *      | *
        _________)/\\_//(\/(/\)/\//\/|_)_______

Goodbye BaeHund the Ranger...

You died in The Gnomish Mines on dungeon level 8 with 3013 points,
and 67 pieces of gold, after 4656 moves.
You were level 7 with a maximum of 47 hit points when you died.

